 Dungeon Crawl Stone Soup version 0.25.1-2-g60ff931df9 (webtiles) character file.

Game seed: 11510084247672924678

1198 Fallenstar the Cleaver (level 8, -15/69 HPs)
             Began as a Minotaur Fighter on Sept 8, 2020.
             Was a Follower of Okawaru.
             Demolished by an orc warrior
             ... wielding a +0 halberd
              (21 damage)
             ... on level 6 of the Dungeon.
             The game lasted 00:14:03 (4446 turns).

Fallenstar the Cleaver (Minotaur Fighter)           Turns: 4446, Time: 00:14:04

Health: -15/69     AC: 14    Str: 23    XL:     8   Next: 20%
Magic:  7/7        EV:  5    Int:  5    God:    Okawaru [*.....]
Gold:   268        SH: 11    Dex: 10    Spells: 7/7 levels left

rFire    . . .     SeeInvis .   a - +1 war axe
rCold    . . .     Gourm    .   c - +1 kite shield
rNeg     . . .     Faith    .   e - +0 plate armour
rPois    +         Spirit   .   (helmet restricted)
rElec    .         Reflect  .   (no cloak)
rCorr    .         Harm     .   (no gloves)
MR       .....                  (no boots)
Stlth    ..........             (no amulet)
HPRegen  0.21/turn              (no ring)
MPRegen  0.10/turn              (no ring)

@: no status effects
A: retaliatory headbutt, horns 2, talons 1, thin metallic scales 1, poison
resistance, wild magic 1
a: Heroism, Renounce Religion


You were on level 6 of the Dungeon.
You worshipped Okawaru.
Okawaru was aware of your devotion.
You were not hungry.

You visited 2 branches of the dungeon, and saw 7 of its levels.

You collected 268 gold pieces.

Inventory:

Hand Weapons
 a - a +1 war axe (weapon)
Armour
 c - a +1 kite shield (worn)
 e - a +0 plate armour (worn)
Jewellery
 i - a cursed ring of teleportation {unknown}
 m - an uncursed ring of wizardry {unknown}
 n - a cursed -4 ring of protection {unknown}
Wands
 g - a wand of polymorph (18)
 l - a wand of iceblast (8)
Scrolls
 o - a scroll of amnesia
Potions
 d - a potion of flight
 j - a potion of berserk rage {unknown}
 q - a potion of brilliance
Comestibles
 f - 8 rations


   Skills:
 + Level 5.4 Fighting
 + Level 8.0 Axes
 + Level 6.5 Armour
 + Level 6.9 Shields


You had 7 spell levels left.
You didn't know any spells.
Your spell library contained the following spells:

 Spells                   Type           Power        Failure   Level  Hunger
 Animate Skeleton         Necr           N/A          100%        1    ##.....
 Apportation              Tloc           #.....       100%        1    ##.....
 Corona                   Hex            #......      100%        1    ##.....
 Summon Small Mammal      Summ           #...         100%        1    ##.....


Dungeon Overview and Level Annotations

Branches:
Dungeon (6/15)             Temple (1/1) D:4

Altars:
Ashenzari
Dithmenos
Elyvilon
Fedhas
Gozag
Hepliaklqana
Kikubaaqudgha
Makhleb
Nemelex Xobeh
Okawaru
Qazlal
Ru
Sif Muna
Trog
Uskayaw
Vehumet
Wu Jian
Xom
Yredelemnul
Zin
The Shining One

Annotations:
D:5 1 runed translucent door, speedstriker's ghost, amateur FeAE


Innate Abilities, Weirdness & Mutations

You reflexively headbutt those who attack you in melee.
You have a pair of horns on your head.
You have sharp toenails.
You are partially covered in thin metallic scales. (AC +2)
Your system is resistant to poisons. (rPois)
Your spells are a little harder to cast, but a little more powerful.


Message History

You block the orc warrior's attack.
An orc wizard comes into view. It is wielding a +0 dagger.
The orc warrior hits you with a +0 halberd!!
* * * LOW HITPOINT WARNING * * *
Items here: )) [[ † a +0 flail; a +0 leather armour; a +0 dagger; a cursed +0 robe; an orc corpse You slash the orc warrior!
You headbutt the orc warrior, but do no damage.
The orc warrior is moderately wounded.
The orc warrior hits you with a +0 halberd.
* * * LOW HITPOINT WARNING * * *
You feel better.
An orc comes into view. It is wielding a +0 dagger.
Okay, then.
Okay, then.
The orc warrior hits you from afar with a +0 halberd!
* * * LOW HITPOINT WARNING * * *
The orc wizard casts a cantrip, but nothing happens.
The orc warrior hits you from afar with a +0 halberd!!
You die...

..........
..........
###.......
#....... #.......
###########.......
#.................
#.#########.......
#@# #...[... #.#
######## #o# # #.#
#o###o# #o.)..#
#######


You could see an orc warrior and an orc.

Vanquished Creatures
  Grinder (D:3)
  An ice beast (D:5)
  A centaur (D:5)
  5 crimson imps
  2 hounds (D:5)
  A jelly (D:5)
  4 orc priests
  5 orc wizards
  A bullfrog skeleton (D:4)
  An iguana (D:4)
  Ijyb (D:3)
  3 worker ants
  6 adders
  2 oozes
  2 adder zombies
  3 worms
  A dart slug (D:2)
  5 leopard geckos
  14 orcs
  4 giant cockroaches
  8 hobgoblins
  8 jackals
  4 quokkas
  A ball python (D:3)
  8 bats
  9 frilled lizards
  3 goblins
  A jackal skeleton (D:5)
  5 kobolds
  6 rats
116 creatures vanquished.

Notes
Turn   | Place    | Note
-------+----------+-------------------------------------------
     0 | D:1      | Fallenstar the Minotaur Fighter began the quest for the
                  | Orb.
     0 | D:1      | Reached XP level 1. HP: 19/19 MP: 0/0
   480 | D:1      | Reached XP level 2. HP: 27/27 MP: 1/1
   544 | D:1      | Gained mutation: You are partially covered in thin metallic
                  | scales. (AC +2) [potion of mutation]
   544 | D:1      | Gained mutation: You have sharp toenails. [potion of
                  | mutation]
   544 | D:1      | Gained mutation: Your spells are a little harder to cast,
                  | but a little more powerful. [potion of mutation]
   544 | D:1      | Gained mutation: Your system is resistant to poisons.
                  | (rPois) [potion of mutation]
   585 | D:2      | Found a faded altar of an unknown god.
   726 | D:2      | Reached XP level 3. HP: 33/33 MP: 2/2
   795 | D:2      | Reached skill level 3 in Axes
  1384 | D:3      | Reached XP level 4. HP: 40/40 MP: 3/3
  1517 | D:3      | Noticed Grinder
  1529 | D:3      | Paralysed by Grinder for 3 turns
  1536 | D:3      | Paralysed by Grinder for 2 turns
  1551 | D:3      | Killed Grinder
  1551 | D:3      | Reached skill level 4 in Axes
  1551 | D:3      | Reached skill level 5 in Armour
  1551 | D:3      | Reached skill level 5 in Shields
  1551 | D:3      | Reached XP level 5. HP: 4/47 MP: 4/4
  1551 | D:3      | Reached XP level 6. HP: 5/53 MP: 5/5
  1985 | D:3      | Noticed Ijyb
  1996 | D:3      | Killed Ijyb
  1996 | D:3      | Reached skill level 5 in Axes
  2269 | D:4      | Got a crystal whip
  2300 | D:4      | Found a staircase to the Ecumenical Temple.
  2408 | Temple   | Entered the Ecumenical Temple
  2533 | Temple   | Became a worshipper of Warmaster Okawaru
  2683 | D:4      | Reached XP level 7. HP: 44/60 MP: 6/6
  2692 | D:4      | Reached skill level 6 in Axes
  3110 | D:4      | Identified the +5 whip of Uhereeki {antimagic, rPois} (You
                  | found it on level 4 of the Dungeon)
  3151 | D:5      | Entered Level 5 of the Dungeon
  3155 | D:5      | Reached skill level 5 in Fighting
  3352 | D:5      | Reached * piety under Okawaru
  3352 | D:5      | Reached skill level 7 in Axes
  3482 | D:5      | Reached XP level 8. HP: 67/69 MP: 7/7
  3550 | D:5      | Found a runed translucent door.
  3551 | D:5      | Noticed speedstriker's ghost (amateur FeAE)
  4249 | D:6      | Found a shimmering blue altar of Sif Muna.
  4437 | D:6      | Reached skill level 8 in Axes
  4446 | D:6      | Demolished by an orc warrior

Illustrated notes

Levels and vault maps discovered:
D:1:      tarquinn_simple_flora_water_d, layout_basic
D:2:      layout_loops_cross, chequers_ecumenical_altar_simple
D:3:      layout_rooms, minmay_misc_feat_tiny, uniq_ijyb, uniq_grinder
D:4:      layout_cave_pools, minmay_temple_entry_trees,
          hangedman_abyss_or_decor_passed
D:5:      layout_gridville, first_ration, ebering_ghost_sewer_d
D:6:      layout_basic, hangedman_abyss_or_decor_lesser_grid, led_sif_pool
Temple:   dpeg_three_leaves_temple

Skill      XL: |  1  2  3  4  5  6  7  8 |
---------------+-------------------------+-----
Armour         | 4 5 6 |  6.5
Axes           | 3 4 5 7 8 |  8.0
Fighting       | 4 5 |  5.4
Shields        | 4 5 6 |  6.9

Action                   |  1- 3 |  4- 6 |  7- 9 || total
-------------------------+-------+-------+-------++-------
Melee: War axe           |    94 |    97 |   109 ||   300
       Kick              |    17 |    30 |    24 ||    71
       Headbutt          |     3 |    16 |    16 ||    35
  Use: Scroll            |    10 |     2 |     2 ||    14
       Potion            |     6 |     2 |     6 ||    14
  Eat: Ration            |     1 |     1 |       ||     2
       Chunk             |     1 |       |     4 ||     5
Armor: Plate armour      |    56 |    53 |    46 ||   155
Dodge: Dodged            |    18 |    10 |    16 ||    44
Block: Kite shield       |    60 |    47 |    60 ||   167
